 Dungeon Crawl Stone Soup version 0.26-a0-653-g6669bab64c (webtiles) character file.

Game seed: 11146523629105238824

69 YayAnonymity the Chucker (level 4, 0/44 HPs)
             Began as a Troll Hunter on Oct 4, 2020.
             Succumbed to an adder's poison
             ... on level 2 of the Dungeon.
             The game lasted 00:01:57 (1018 turns).

YayAnonymity the Chucker (Troll Hunter)             Turns: 1018, Time: 00:01:58

Health: 0/44       AC:  7    Str: 17 (20) XL:     4   Next: 2%
Magic:  3/3        EV: 10    Int:  5 (7)  God:
Gold:   106        SH:  0    Dex: 10 (11) Spells: 3/3 levels left

rFire    . . .     SeeInvis .   (no weapon)
rCold    . . .     Faith    .   (no shield)
rNeg     . . .     Spirit   .   b - +0 robe
rPois    .         Reflect  .   (helmet restricted)
rElec    .         Harm     .   f - +0 cloak
rCorr    .         Rampage  .   (gloves unavailable)
MR       .....                  (boots unavailable)
Stlth    +.........             (no amulet)
HPRegen  0.54/turn              (no ring)
MPRegen  0.08/turn              (no ring)

@: lethally poisoned (0 -> -3), berserk cooldown, slowed, very slow
A: large, unfitting armour, claws 3, regeneration 1, shaggy fur 1, tough skin 3
a: no special abilities


You were on level 2 of the Dungeon.
You visited 1 branch of the dungeon, and saw 2 of its levels.

You collected 106 gold pieces.

Inventory:

Hand Weapons
 e - a +0 club
Missiles
 c - 2 large rocks (quivered)
 d - 2 throwing nets
 i - 8 silver boomerangs
Armour
 b - a +0 robe (worn)
 f - a +0 cloak (worn)
Scrolls
 a - 2 scrolls of amnesia {unknown}
 g - a scroll of magic mapping {unknown}
 j - 4 scrolls of identify {unknown}


   Skills:
 * Level 2.8 Fighting
 + Level 1.3 Maces & Flails
 + Level 4.0 Throwing
 - Level 1.5 Dodging
 - Level 0.3 Stealth


You had 3 spell levels left.
You didn't know any spells.
Your spell library was empty.

Dungeon Overview and Level Annotations

Branches:
Dungeon (2/15)

Altars:


Innate Abilities, Weirdness & Mutations

You are too large for most types of armour.
You have claws for hands.
Your natural rate of healing is unusually fast.
You are covered in fur. (AC +1)
You have extremely tough skin. (AC +3)


Message History

a +0 club; an adder corpse You feel a strong urge to attack something.
* * * LOW HITPOINT WARNING * * *
You feel sick.
Things that are here:
2 large rocks; a frilled lizard corpse; an adder corpse
* * * LOW HITPOINT WARNING * * *
You feel sick.
Things that are here:
a +0 club; an adder corpse You feel your anger nearly subside.
You are no longer berserk.
You are exhausted.
You feel yourself slow down.
* * * LOW HITPOINT WARNING * * *
You feel sick.
It was a potion of degeneration.
There was something very wrong with that liquid.
You feel weakened.
You feel dopey.
You feel clumsy.
You die...

##....# ........
#)....# .#.####.
#....## #. #.####
## #(# ## #(#
#.#.# #. #)# #.#.#
#. #.# #.#.# #.
#@# #.#.####.
#.########........
#.##..............
#..........#...##.
#............#....
#.........##......
#...†.....###.#...
#.........# #.##..
####...##.# #.###.


There were no monsters in sight!

Vanquished Creatures
  3 adders (D:2)
  A dart slug (D:1)
  A leopard gecko (D:2)
  A giant cockroach (D:1)
  7 goblins
  4 hobgoblins (D:1)
  A ball python (D:1)
  8 bats (D:1)
  5 frilled lizards
  8 kobolds
  4 rats (D:1)
43 creatures vanquished.

Notes
Turn   | Place    | Note
-------+----------+-------------------------------------------
     0 | D:1      | YayAnonymity the Troll Hunter began the quest for the Orb.
     0 | D:1      | Reached XP level 1. HP: 19/19 MP: 0/0
   168 | D:1      | Reached XP level 2. HP: 18/28 MP: 1/1
   606 | D:1      | Reached XP level 3. HP: 36/36 MP: 2/2
   671 | D:1      | Reached skill level 1 in Maces & Flails
  1008 | D:2      | Reached skill level 4 in Throwing
  1010 | D:2      | Reached XP level 4. HP: 6/44 MP: 3/3
  1015 | D:2      | HP: 3/66 [poisoned by an adder]
  1017 | D:2      | HP: 1/44 [poisoned by an adder]
  1018 | D:2      | Succumbed to an adder's poison

Illustrated notes

Levels and vault maps discovered:
D:1:      sevenhm_arrival_forest_fort_small_3, layout_loops_ring
D:2:      layout_loops_ring, roderic_lattice_a, minmay_three_crescents,
          uniq_jessica, uniq_natasha

Skill      XL: |  1  2  3 |
---------------+----------+-----
Fighting       | 2 |  2.8
Maces & Flails | 1 |  1.3
Throwing       | 4 |  4.0
Dodging        | |  1.5
Stealth        | |  0.3

Action                   |  1- 3 |  4- 6 || total
-------------------------+-------+-------++-------
Melee: Unarmed           |   121 |     1 ||   122
Throw: Large rock        |     4 |       ||     4
  Use: Potion            |       |     2 ||     2
Armor: Robe              |    69 |       ||    69
Dodge: Dodged            |    85 |     1 ||    86

Table legend: (Time is in decaauts)
 A = Elapsed time spent in this place.
 B = Non-inter-level travel time spent in this place.
 C = Inter-level travel time spent in this place.
 D = Time resting spent in this place.
 E = Time spent auto-exploring this place.
 F = Levels seen in this place.
 G = Mean time per level.
                   A        B        C        D        E       F      G
               +--------+--------+--------+--------+--------+-----+--------+
         Total |   1018 |    976 |     42 |      0 |    699 |   2 |  509.0 |
       Dungeon |   1018 |    976 |     42 |      0 |    699 |   2 |  509.0 |
               +--------+--------+--------+--------+--------+-----+--------+

Top non-repeatable levels by time:
     D:1: 877 daAuts
     D:2: 140 daAuts
